 Dungeon Crawl Stone Soup version 0.29-a0-275-g389c0b56f3 (webtiles) character file.

Game seed: 6046799702413285003

99 choreboyy the Skirmisher (level 4, 0/39 HPs)
             Began as a Barachi Fighter on Mar 11, 2022.
             Was a Follower of Fedhas.
             Slain by a gnoll
             ... wielding a +0 halberd
              (10 damage)
             ... on level 3 of the Dungeon on Mar 12, 2022.
             The game lasted 00:13:08 (3009 turns).

choreboyy the Skirmisher (Barachi Fighter)          Turns: 3009, Time: 00:13:09

Health: 0/39       AC:  8    Str: 19    XL:     4   Next: 72%
Magic:  4/4        EV:  9    Int:  9    God:    Fedhas [*.....]
Gold:   183        SH:  0    Dex: 11    Spells: 3/3 levels left

rFire   . . .      SeeInvis .   a - +0 long sword
rCold   . . .      Faith    .   (no shield)
rNeg    . . .      Spirit   .   b - +0 scale mail
rPois   .          Reflect  .   (no helmet)
rElec   .          Harm     .   (no cloak)
rCorr   .          Rampage  .   (no gloves)
Will    .....                   j - +0 pair of boots
Stlth   ..........              (no amulet)
HPRegen 0.13/turn               (no ring)
MPRegen 0.09/turn               (no ring)

@: unable to hop, slow
A: amphibious, slowness 1, strong legs 1, +LOS
a: Hop, Renounce Religion


You were on level 3 of the Dungeon.
You worshipped Fedhas.
Fedhas was aware of your devotion.
You visited 1 branch of the dungeon, and saw 4 of its levels.

You collected 216 gold pieces.
You spent 33 gold pieces at shops.

Inventory:

Hand Weapons
 a - a +0 long sword (weapon)
Armour
 b - a +0 scale mail (worn)
 c - a +0 buckler
 j - a +0 pair of boots (worn)
Jewellery
 d - a ring of magical power
 p - a +4 ring of protection
Scrolls
 f - a scroll of enchant weapon {unknown}
 g - a scroll of brand weapon {unknown}
 h - a scroll of vulnerability {unknown}
 i - a scroll of noise {unknown}
 k - 2 scrolls of torment {unknown}
 l - 2 scrolls of identify {unknown}
 m - a scroll of amnesia {unknown}
 n - a scroll of silence {unknown}
 o - 2 scrolls of teleportation {unknown}
 r - a scroll of fear {unknown}
Potions
 e - a potion of resistance {unknown}
 q - a potion of lignification {unknown}
 s - 2 potions of magic {unknown}


   Skills:
 + Level 5.0 Fighting
 + Level 4.4 Long Blades
 + Level 3.8 Armour
 + Level 3.3 Shields


You had 3 spell levels left.
You didn't know any spells.
Your spell library contained the following spells:

 Spells                   Type           Power      Damage    Failure   Level
 Magic Dart               Conj           0%         1d3       75%         1
 Searing Ray              Conj           0%         2d4       87%         2
 Fulminant Prism          Conj/Hex       0%         3d6       100%        4


Dungeon Overview and Level Annotations

Branches:
Dungeon (4/15)
 Temple: D:4-7

Altars:
Fedhas
Qazlal

Shops:
D:2 !


Innate Abilities, Weirdness & Mutations

You are amphibious.
You cover ground slowly.
You can hop short distances.
You have an extended range of vision and can be seen from far away.


Message History

The gnoll barely misses you. The gnoll hits you with a +0 spear.
You hit the gnoll.
The gnoll is lightly wounded.
The gnoll closely misses you. The gnoll hits you with a +0 spear.
You barely miss the gnoll.
The gnoll is lightly wounded.
The gnoll hits you but does no damage. The gnoll closely misses you.
You barely miss the gnoll.
The gnoll is lightly wounded.
The gnoll hits you but does no damage. The gnoll hits you with a +0 spear.
You hit the gnoll.
The gnoll is moderately wounded.
The gnoll hits you from afar with a +0 halberd.
The gnoll hits you with a +0 spear. The gnoll closely misses you.
The gnoll hits you but does no damage.
You hit the gnoll. You punch the gnoll, but do no damage.
The gnoll is severely wounded.
The gnoll hits you from afar with a +0 halberd!
The gnoll hits you but does no damage. The gnoll hits you but does no damage.
The gnoll misses you.
Hop to where?
Press: ? - help, Dir - move target Boing!
The gnoll hits you but does no damage.
You barely miss the gnoll.
The gnoll is severely wounded.
The gnoll closely misses you. x2
You barely miss the gnoll.
The gnoll is severely wounded.
The gnoll hits you from afar with a +0 halberd!
* * * LOW HITPOINT WARNING * * *
The gnoll barely misses you.
You hit the gnoll.
You kill the gnoll!
Fedhas appreciates your contribution to the ecosystem.
The gnoll hits you from afar with a +0 halberd!
You die...
Fedhas appreciates your contribution to the ecosystem.

#.###....#####.###
#..#####.##.g....#
##.# #.##.##.#.#
##.######.#.#.##.#
#........g>..###.#
#..########### #.#
#..###### #g#
........# #)#
##.####.# #@# #.# #.#
#.# #.# #.# #.# #.#
#.# #.#### #.# #.#
#..[.# ##.####.#
####.# g.<..##.# #.#
g..#.##)# #####.#
...#.##.#######.....#


You could see a gnoll.

Vanquished Creatures
  4 gnolls
  2 adders
  3 orcs (D:3)
  2 ball pythons
  5 endoplasms
  4 giant cockroaches
  7 goblins
  6 hobgoblins
  2 kobolds (D:1)
  A quokka (D:1)
  5 bats
  3 frilled lizards
  6 rats
50 creatures vanquished.

Notes
Turn   | Place    | Note
-------+----------+-------------------------------------------
     0 | D:1      | choreboyy the Barachi Fighter began the quest for the Orb.
     0 | D:1      | Reached XP level 1. HP: 18/18 MP: 1/1
   130 | D:1      | Reached XP level 2. HP: 18/25 MP: 2/2
   289 | D:1      | Reached skill level 4 in Fighting
   613 | D:1      | Reached XP level 3. HP: 27/31 MP: 3/3
  1204 | D:2      | Found a faded altar of an unknown god.
  1222 | D:2      | Prayed at the altar of an unknown god.
  1222 | D:2      | Became a worshipper of Fedhas Madash
  1222 | D:2      | Reached * piety under Fedhas
  1832 | D:2      | Found Xirup's Distillery.
  1856 | D:2      | Bought a potion of curing for 33 gold pieces
  1965 | D:2      | Reached XP level 4. HP: 38/38 MP: 4/4
  2221 | D:3      | Found a stormy altar of Qazlal.
  2548 | D:3      | Reached skill level 5 in Fighting
  3009 | D:3      | Slain by a gnoll

Illustrated notes

Levels and vault maps discovered:
D:1:      amcnicky_arrival_underground_garden, layout_basic
D:2:      layout_basic, dreamdust_ecumenical_altar_angels_and_demons,
          serial_shops, shop_coins
D:3:      layout_loops_ring, lemuel_doored_altar, hangedman_feature_mirror,
          amcnicky_mini_pool_small
D:4:      layout_basic, yredelemnul_altar_generic, nicolae_overflow_squiral,
          nrook_campfire, chequers_serial_rivers_room_b,
          minmay_manual_macuahuitl

Skill      XL: |  1  2  3  4 |
---------------+-------------+-----
Fighting       | 4 5 |  5.0
Long Blades    | 3 4 |  4.4
Armour         | |  3.8
Shields        | |  3.3

Action                   |  1- 3 |  4- 6 || total
-------------------------+-------+-------++-------
Melee: Long sword        |   106 |    45 ||   151
       Punch             |       |     1 ||     1
 Abil: Hop               |       |     3 ||     3
  Use: Potion            |       |     3 ||     3
Armor: Scale mail        |    60 |    27 ||    87
Dodge: Dodged            |    55 |    42 ||    97

Table legend: (Time is in decaauts)
 A = Elapsed time spent in this place.
 B = Non-inter-level travel time spent in this place.
 C = Inter-level travel time spent in this place.
 D = Time resting spent in this place.
 E = Time spent auto-exploring this place.
 F = Levels seen in this place.
 G = Mean time per level.
                   A        B        C        D        E       F      G
               +--------+--------+--------+--------+--------+-----+--------+
         Total |   3451 |   3011 |    440 |    369 |   2054 |   4 |  862.8 |
       Dungeon |   3451 |   3011 |    440 |    369 |   2054 |   4 |  862.8 |
               +--------+--------+--------+--------+--------+-----+--------+

Top non-repeatable levels by time:
     D:2: 1562 daAuts
     D:1: 1206 daAuts
     D:3: 498 daAuts
     D:4: 183 daAuts
